 Dungeon Crawl Stone Soup version 0.21-a0-440-g28109cb (webtiles) character file.

31 slep the Slasher (level 3, 0/27 HPs)
             Began as a Demonspawn Gladiator on Nov 11, 2017.
             Slain by an adder (3 damage)
             ... on level 2 of the Dungeon.
             The game lasted 00:03:49 (706 turns).

slep the Slasher (Demonspawn Gladiator)              Turns: 706, Time: 00:03:50

Health: 0/27       AC:  5    Str: 14    XL:     3   Next: 7%
Magic:  3/3        EV: 13    Int:  9    God:
Gold:   44         SH:  0    Dex: 15    Spells: 2/2 levels left

rFire    . . .     SeeInvis .   a - +0 long sword
rCold    . . .     Gourm    +   (no shield)
rNeg     . . .     Faith    .   b - +0 leather armour
rPois    .         Spirit   .   c - +0 helmet
rElec    .         Reflect  .   (no cloak)
rCorr    .         Harm     .   i - +0 pair of gloves
MR       .....                  (no boots)
Stlth    +.........             q - amulet of the gourmand
HPRegen  0.09/turn              (no ring)
MPRegen  0.08/turn              (no ring)

@: lethally poisoned (0 -> -4), very slow
A: rot immunity
a: no special abilities


You were on level 2 of the Dungeon.
You were not hungry.

You visited 1 branch of the dungeon, and saw 2 of its levels.

You collected 44 gold pieces.

Inventory:

Hand Weapons
 a - a +0 long sword (weapon)
 o - a +1 dagger of speed
Missiles
 d - 4 throwing nets (quivered)
 t - 3 silver javelins
Armour
 b - a +0 leather armour (worn)
 c - a +0 helmet (worn)
 i - a +0 pair of gloves (worn)
Jewellery
 q - an amulet of the gourmand (around neck)
Scrolls
 e - 2 scrolls of teleportation {unknown}
 h - 3 scrolls of enchant armour {unknown}
 n - 2 scrolls of identify {unknown}
Potions
 g - a potion of haste {unknown}
 j - a potion of agility {unknown}
 k - a potion of resistance {unknown}
 m - a potion of cancellation {unknown}
 r - a potion of curing {unknown}
Comestibles
 f - 2 bread rations
 l - 2 fruits
 p - a royal jelly
 s - a meat ration


   Skills:
 + Level 2.2 Fighting
 + Level 3.2 Long Blades
 + Level 1.9 Throwing
 + Level 0.1 Armour
 + Level 3.1 Dodging


You had 2 spell levels left.
You didn't know any spells.

Dungeon Overview and Level Annotations

Branches:
Dungeon (2/15)

Altars:


Innate Abilities, Weirdness & Mutations

You are immune to rotting.


Message History

* * * LOW HITPOINT WARNING * * *
You hit the adder.
The adder is moderately wounded.
The adder misses you.
You hit the adder.
The adder is severely wounded.
The adder misses you. The adder bites you.
* * * LOW HITPOINT WARNING * * *
You are lethally poisoned!
The adder poisons you!
Your unstable footing causes you to fumble your attack.
* * * LOW HITPOINT WARNING * * *
You feel sick. The adder misses you. The adder bites you but does no damage.
You hit the adder.
The adder is almost dead.
The adder bites you but does no damage.
Your unstable footing causes you to fumble your attack.
* * * LOW HITPOINT WARNING * * *
You feel sick. The adder closely misses you. The adder bites you.
You die...

#### #########....
###### #.≈.≈.≈.....≈
.....# #..≈≈.≈≈....≈
...#.# #.≈≈≈≈≈≈≈≈≈≈≈
...#.# #..≈≈≈≈≈≈≈≈≈≈
...#.#######≈.≈≈≈≈≈≈≈≈≈.
..............≈≈@♣..≈≈
.##..(.#####.≈≈≈≈S_.≈≈≈≈
.##..#.# #≈≈≈≈≈≈≈♣≈≈≈≈
.##..#.#####..≈≈≈≈≈≈≈≈≈.
>............≈≈≈≈≈≈≈≈≈≈
..#..#..##....≈≈≈≈≈≈≈≈≈≈
................≈≈....≈≈
#.#.....##...≈.≈≈≈.≈...≈
#.#..#..##.......#####


You could see an adder.

Vanquished Creatures
  A worm (D:2)
  A dart slug (D:1)
  2 bats (D:1)
  2 giant cockroaches
  5 goblins
  2 hobgoblins (D:1)
  3 kobolds (D:1)
  A ball python (D:1)
  7 frilled lizards
  3 rats (D:1)
27 creatures vanquished.

Notes
Turn   | Place    | Note
-------+----------+-------------------------------------------
     0 | D:1      | slep the Demonspawn Gladiator began the quest for the Orb.
     0 | D:1      | Reached XP level 1. HP: 16/16 MP: 1/1
    72 | D:1      | Gained mutation: You are immune to rotting. [demonic ancestry]
    72 | D:1      | Reached XP level 2. HP: 18/22 MP: 2/2
   683 | D:2      | Reached XP level 3. HP: 12/27 MP: 3/3
   690 | D:2      | Found a faded altar of an unknown god.
   706 | D:2      | Slain by an adder

Vault maps used:
D:1:      sevenhm_arrival_forest_fort_large_1
D:2:      chequers_ecumenical_altar_island

Skill      XL: |  1  2 |
---------------+-------+-----
Dodging        | 3 |  3.1
Long Blades    | 3 |  3.2
Fighting       | |  2.2
Throwing       | |  1.9
Armour         | |  0.1

Action                   || total
-------------------------++-------
Melee: Long sword        ||    59
Throw: Throwing net      ||     1
 Stab: Held in net/web   ||     1
  Eat: Chunk             ||     2
Armor: Leather armour    ||    12
Dodge: Dodged            ||    46
       Rpst.: Long sword ||    17

Table legend:
 A = Spawn XP
 B = Non-spawn XP
 C = Spawn XP percentage of total XP
 D = Spawn monster count
 E = Non-spawn monster count
 F = Spawn count percentage of total count
 G = Total turns spent on level
                    A         B        C        D         E        F      G
               +---------+---------+-------+---------+---------+-------+---------
         Total |       0 |      45 |   0.0 |       0 |      27 |   0.0 |   706
               +---------+---------+-------+---------+---------+-------+---------
           D:1 |       0 |      36 |   0.0 |       0 |      23 |   0.0 |   598
           D:2 |       0 |       9 |   0.0 |       0 |       4 |   0.0 |   108
               +---------+---------+-------+---------+---------+-------+---------
